 Dungeon Crawl Stone Soup version 0.16-a0-3300-g0332368 (webtiles) character file.

7673 PolkaDot the Fighter (level 10, 0/80 HPs)
             Began as a Vampire Summoner on Dec 25, 2014.
             Succumbed to a queen bee's poison
             ... on level 10 of the Dungeon.
             The game lasted 00:49:39 (12991 turns).

PolkaDot the Fighter (Vampire Summoner)            Turns: 12991, Time: 00:49:39

Health: 0/80       AC:  5    Str:  4    XL:     10   Next: 99%
Magic:  20/30      EV: 14    Int: 20    God:
Gold:   611        SH:  0    Dex: 15    Spells: 4 memorised, 3 levels left

rFire  + . .     SeeInvis +     h - +3 quarterstaff of Integrity {elec, rElec} (curse)
rCold  + . .     Clarity  .     C - +1 leather armour {MR+}
rNeg   . . .     SustAb   .     (no shield)
rPois  +         Gourm    .     (no helmet)
rElec  +         Spirit   .     (no cloak)
rCorr  +         Warding  .     (no gloves)
rMut   .         Stasis   .     c - +0 pair of boots "Kotakac" {Str-3 Dex+1}
MR     ++...                    (no amulet)
Stlth  ++........               u - ring of magical power
                                d - ring of flight

@: lethally poisoned, resistant, very slightly contaminated, regenerating
quickly, very resistant to hostile enchantments, unstealthy
A: bottle blood, fangs 3, see invisible, unbreathing
a: Evoke Flight


You were on level 10 of the Dungeon.
You were full.

You visited 2 branches of the dungeon, and saw 11 of its levels.
You also visited: Sewer and Bailey.

You collected 611 gold pieces.

Inventory:

Hand weapons
 h - the cursed +3 quarterstaff of Integrity (weapon) {elec, rElec}
   (You found it on level 6 of the Dungeon)

   Occasionally, upon striking a foe, it will discharge some electrical energy
   and cause terrible harm.
   It insulates you from electricity.
   It has a curse placed upon it.
 t - the +9 Staff of Wucad Mu
   (You found it on level 8 of the Dungeon)
Armour
 c - the +0 pair of boots "Kotakac" (worn) {Str-3 Dex+1}
   (You found it on level 7 of the Dungeon)

   It affects your strength (-3).
   It affects your dexterity (+1).
 C - a +1 leather armour of magic resistance (worn)
Jewellery
 d - a ring of flight (left hand)
 u - a ring of magical power (right hand)
 x - a +3 ring of protection
Magical devices
 l - a wand of confusion (27)
 r - a wand of lightning (0)
 v - a wand of lightning (7)
 y - a wand of flame (41)
 B - a wand of slowing (20)
 D - a wand of cold (0)
Scrolls
 e - a scroll of teleportation
 f - 4 scrolls of recharging
 g - a scroll of enchant armour
 i - 3 scrolls of remove curse
 m - a scroll of noise {unknown}
 o - 2 scrolls of magic mapping
 p - a scroll of random uselessness {unknown}
 q - a scroll of blinking {unknown}
 s - a scroll of enchant weapon {unknown}
 w - a scroll of vulnerability
 z - a scroll of immolation {unknown}
 A - a scroll of amnesia {unknown}
Potions
 a - a potion of brilliance
 k - 9 potions of blood {@*1}
 n - a potion of cancellation
Books
 b - a book of Callings

   Spells                             Type                      Level
   a - Summon Small Mammal            Summoning                    1
   b - Call Imp                       Summoning                    2
   c - Call Canine Familiar           Summoning                    3
   d - Summon Guardian Golem          Hexes/Summoning              4
   e - Summon Lightning Spire         Summoning/Air                4
   f - Summon Ice Beast               Ice/Summoning                4
 j - a book of the Warp

   Spells                             Type                      Level
   a - Recall                         Summoning/Translocation      3
   b - Control Teleport               Charms/Translocation         4
   c - Force Lance                    Conjuration/Translocation    4
   d - Phase Shift                    Translocation                5
   e - Warp Weapon                    Charms/Translocation         5
   f - Summon Forest                  Summoning/Translocation      5
   g - Gell's Gravitas                Hexes/Translocation          6


   Skills:
 - Level 8.0 Fighting
 * Level 7.1 Staves
 + Level 7.0 Dodging
 - Level 3.0 Stealth
 - Level 2.0 Spellcasting
 - Level 7.2 Summonings
 + Level 8.0 Evocations


You had 3 spell levels left.
You knew the following spells:

 Your Spells              Type           Power        Failure   Level  Hunger
d - Call Canine Familiar  Summ           ####....     2%          3    ###....
i - Summon Ice Beast      Ice/Summ       ###.....     38%         4    #####..
s - Call Imp              Summ           ####....     1%          2    ##.....
z - Summon Small Mammal   Summ           ####         1%          1    #......


Dungeon Overview and Level Annotations

Branches:
Dungeon (10/15)            Temple (1/1) D:4            Lair (0/8) D:8
    Orc: D:9-12

Altars:
Ashenzari
Cheibriados
Dithmenos
Elyvilon
Fedhas
Gozag
Kikubaaqudgha
Makhleb
Nemelex Xobeh
Okawaru
Qazlal
Ru
Sif Muna
Trog
Vehumet
Xom
Yredelemnul
Zin
The Shining One

Shops:
D:10 !


Innate Abilities, Weirdness & Mutations

Your natural rate of healing is unusually fast.
You can bottle blood from corpses.
You have razor-sharp teeth.
You have supernaturally acute eyesight.
You can survive without breathing.


Message History

The bolt of lightning misses the killer bee.
The bolt of lightning hits the killer bee.
The killer bee is almost dead.
The bolt of lightning hits the killer bee.
You kill the killer bee!
Your Evocations skill increases to level 8!
The bolt of lightning hits the killer bee.
The killer bee is heavily wounded.
This wand has 0 charges left.
Your surroundings suddenly seem different.
* * * LOW HITPOINT WARNING * * *
You feel sick.
A centaur skeleton comes into view.
Drink which item? (? for menu, Esc to quit)
Yummy - fresh blood!
* * * LOW HITPOINT WARNING * * *
You feel sick.
Drink which item? (? for menu, Esc to quit)
Yummy - fresh blood!
You die...

# #...%........... #
#.............. #
#.............. #
#..............# #
#..............#
########..............##
........................
...%.....................
................@.#
).................#
∩)................#
).................#
..................#
..................#
.......... .......#
....... ......# ......
Z..


You could see a centaur skeleton (dormant).

Vanquished Creatures
  An orc knight (Bailey)
  Joseph (D:8)
  A queen bee (D:10)
  A troll (D:10)
  A human (D:7)
  5 yaks (D:9)
  2 hippogriffs (D:9)
  A water moccasin (D:9)
  2 ice beasts
  2 orc warriors
  2 phantoms (D:10)
  4 sky beasts
  2 black bears
  3 ogres
  3 centaurs
  A crocodile (D:10)
  Sigmund (D:5)
  3 big kobolds (Sewer)
  4 giant frogs
  3 scorpions
  5 wights (D:9)
  An electric eel (D:8)
  5 killer bees (D:10)
  2 goliath beetles
  3 crimson imps
  A quasit (D:10)
  A centaur zombie (D:9)
  A giant frog zombie (D:6)
  3 jellies
  A giant frog skeleton (D:6)
  3 orc priests (D:6)
  2 centaur skeletons
  3 hounds
  6 orc wizards
  3 iguanas
  3 worker ants
  2 sheep (D:7)
  Jessica (D:3)
  A big kobold zombie (Sewer)
  A mummy (D:4)
  A hound skeleton (D:6)
  2 worker ant zombies
  Robin (D:3)
  3 gnolls
  7 adders
  4 river rats (D:5)
  2 worms
  An adder zombie (D:6)
  An adder skeleton (D:6)
  2 giant geckos
  An ooze (D:4)
  27 orcs
  13 bats
  8 giant cockroaches
  25 goblins
  13 hobgoblins
  17 kobolds
  2 quokkas (D:4)
  6 river rat skeletons (Sewer)
  2 giant newts
  13 jackals
  2 quokka skeletons
  2 quokka zombies (D:9)
  19 rats
  3 rat skeletons (Sewer)
  A river rat zombie (Sewer)
  2 ballistomycetes (D:8)
271 creatures vanquished.

Vanquished Creatures (collateral kills)
  A troll (D:8)
  A two-headed ogre (D:8)
  A wolf (D:8)
  A phantom (D:8)
  6 orc warriors
  A black bear (D:7)
  An ogre (D:4)
  A giant frog (D:7)
  2 jellies (D:9)
  A crimson imp (D:7)
  A giant frog zombie (D:5)
  7 hounds
  3 orc priests
  4 orc wizards
  2 sheep (D:7)
  An adder (D:8)
  A shadow imp (D:5)
  An adder zombie (D:5)
  A giant gecko (D:5)
  An ooze (D:4)
  10 orcs
  6 hobgoblins
  5 jackals
  2 giant cockroaches (D:5)
  A goblin (D:3)
  5 kobolds
  5 rats
72 creatures vanquished.

Vanquished Creatures (others)
  4 wolves
  2 ice beasts
  6 crimson imps
  10 hounds
  An iron imp (D:7)
  2 shadow imps (D:7)
  4 white imps
  A bat (D:1)
  A giant spore (D:8)
  2 rats (D:1)
33 creatures vanquished.

Grand Total: 376 creatures vanquished

Notes
Turn   | Place    | Note
--------------------------------------------------------------
     0 | D:1      | PolkaDot, the Vampire Summoner, began the quest for the Orb.
     0 | D:1      | Reached XP level 1. HP: 13/13 MP: 3/3
   239 | D:1      | Reached skill level 1 in Fighting
   274 | D:1      | Reached XP level 2. HP: 4/21 MP: 2/4
  1058 | D:1      | Reached XP level 3. HP: 21/28 MP: 1/6
  1068 | D:1      | Learned a level 2 spell: Call Imp
  1072 | D:1      | Learned a level 3 spell: Call Canine Familiar
  1108 | D:1      | Found a sparkling altar of Nemelex Xobeh.
  1342 | D:2      | Found a radiant altar of Vehumet.
  2059 | D:2      | Reached XP level 4. HP: 25/35 MP: 0/7
  2239 | D:3      | Noticed Robin
  2248 | D:3      | Killed Robin
  2250 | D:3      | Reached XP level 5. HP: 35/42 MP: 2/9
  2298 | D:3      | Noticed Jessica
  2304 | D:3      | Killed Jessica
  2841 | D:4      | Reached skill level 5 in Summonings
  2869 | D:4      | Noticed an ogre
  2876 | D:4      | Killed an ogre
  2876 | D:4      | Reached skill level 1 in Evocations
  2876 | D:4      | Reached XP level 6. HP: 37/49 MP: 2/10
  3124 | D:4      | Found a staircase to the Ecumenical Temple.
  3142 | Temple   | Entered the Ecumenical Temple
  3484 | D:4      | Noticed an ogre
  3494 | D:4      | Killed an ogre
  3560 | D:4      | Found a blossoming altar of Fedhas.
  3562 | D:4      | Found a sparkling altar of Nemelex Xobeh.
  4062 | D:5      | Entered Level 5 of the Dungeon
  4101 | D:5      | Noticed Sigmund
  4186 | D:5      | Found a glowing silver altar of Zin.
  4187 | D:5      | Found a glowing golden altar of the Shining One.
  4188 | D:5      | Found a white marble altar of Elyvilon.
  4237 | D:5      | Reached skill level 5 in Fighting
  4252 | D:5      | Found a glowing drain.
  4256 | Sewer    | Entered a sewer
  4307 | Sewer    | Reached XP level 7. HP: 39/56 MP: 12/12
  5927 | D:7      | Found a sand-covered staircase.
  5940 | D:7      | Reached skill level 6 in Fighting
  5993 | D:7      | Found an iron altar of Okawaru.
  6013 | D:7      | Learned a level 4 spell: Summon Ice Beast
  6264 | D:7      | Reached XP level 8. HP: 61/65 MP: 13/13
  6327 | D:7      | Got a pair of faintly glowing boots
  6333 | D:7      | Identified the +0 pair of boots "Kotakac" {Str-3 Dex+1} (You found it on level 7 of the Dungeon)
  6397 | D:7      | Noticed a human
  6430 | D:7      | Killed a human
  6496 | D:7      | Reached skill level 7 in Fighting
  6783 | D:8      | Noticed a two-headed ogre
  6801 | D:8      | Killed a two-headed ogre
  7324 | D:5      | Killed Sigmund
  7330 | D:5      | Reached XP level 9. HP: 74/74 MP: 16/16
  7436 | D:5      | Reached skill level 5 in Evocations
  7731 | D:6      | Reached skill level 8 in Fighting
  7734 | D:6      | Got a transparent quarterstaff
  7735 | D:6      | Identified the cursed +3 quarterstaff of Integrity {elec, rElec} (You found it on level 6 of the Dungeon)
  7842 | D:6      | Reached skill level 1 in Staves
  9322 | D:8      | Noticed Joseph
  9329 | D:8      | Found a staircase to the Lair.
  9506 | D:8      | Noticed a troll
  9540 | D:8      | Killed a troll
  9886 | D:8      | Killed Joseph
  9982 | D:8      | Reached XP level 10. HP: 62/80 MP: 17/19
 10089 | D:8      | Reached skill level 5 in Dodging
 10332 | D:9      | Reached skill level 5 in Staves
 11376 | D:9      | Found a deep blue altar of Sif Muna.
 12032 | D:10     | Entered Level 10 of the Dungeon
 12032 | D:10     | Found a flagged portal.
 12054 | Bailey   | Entered a bailey
 12134 | Bailey   | Noticed an orc knight
 12150 | Bailey   | Killed an orc knight
 12193 | Bailey   | Found a bloodstained altar of Trog.
 12717 | D:10     | Found Traagio's Distillery.
 12988 | D:10     | HP: 3/80 [killer bee (9)]
 12990 | D:10     | HP: 1/80 [poisoned by a queen bee]
 12991 | D:10     | Succumbed to a queen bee's poison

Action                   |  1- 3 |  4- 6 |  7- 9 | 10-12 || total
-------------------------+-------+-------+-------+-------++-------
Melee: Dagger            |    50 |       |       |       ||    50
       Unarmed           |    12 |       |       |       ||    12
       Spear             |    75 |       |       |       ||    75
       Short sword       |    13 |   177 |   186 |       ||   376
       Staff             |       |       |    41 |       ||    41
       Quarterstaff      |       |       |   204 |   247 ||   451
 Cast: Summon Small Mamm |    23 |       |       |       ||    23
       Call Imp          |     2 |    10 |    31 |    12 ||    55
       Call Canine Famil |     2 |     5 |    14 |    12 ||    33
       Summon Ice Beast  |       |       |       |     7 ||     7
 Abil: Evoke Flight      |       |       |     1 |     2 ||     3
       End Transformatio |       |       |     1 |       ||     1
       Bat Form          |       |       |     1 |       ||     1
Evoke: Wand              |       |    17 |     1 |     6 ||    24
       Staff of Wucad Mu |       |       |     1 |       ||     1
  Use: Potion            |     1 |    18 |    53 |    17 ||    89
       Scroll            |       |     2 |    11 |     4 ||    17
 Stab: Distracted        |     4 |     1 |       |     2 ||     7
       Sleeping          |     4 |     5 |    17 |     2 ||    28
  Eat: Corpse            |    16 |     1 |       |       ||    17
